 Dungeon Crawl Stone Soup version 0.23.2-1-ga50397a (webtiles) character file.

Game seed: 6576970675409845917

20781 whitewolfNL the Grappler (level 12, -1/115 HPs)
             Began as a Troll Berserker on May 7, 2019.
             Was the Champion of Trog.
             Killed from afar by Azrael (40 damage)
             ... with damnation
             ... on level 2 of the Orcish Mines.
             The game lasted 01:02:37 (10795 turns).

whitewolfNL the Grappler (Troll Berserker)         Turns: 10795, Time: 01:02:38

Health: -1/115     AC: 14    Str: 30    XL:     12   Next: 48%
Magic:  14/14      EV: 12    Int:  3    God:    Trog [******]
Gold:   1342       SH:  0    Dex: 17    Spells: 11/11 levels left

rFire    + . .     SeeInvis .     - Unarmed
rCold    + + +     Gourm    +   (no shield)
rNeg     . . .     Faith    +   l - +0 ice dragon scales
rPois    +         Spirit   .   (helmet restricted)
rElec    +         Reflect  .   x - +0 cloak
rCorr    +         Harm     .   (gloves unavailable)
MR       .....                  (boots unavailable)
Stlth    +.........             O - amulet of faith
HPRegen  0.69/turn              B - ring of protection from fire
MPRegen  0.14/turn              m - +6 ring of dexterity

@: resistant, berserk cooldown, very slightly contaminated, slowed, very slow
A: large, unfitting armour, claws 3, fast metabolism 3, gourmand, regeneration
1, shaggy fur 1, tough skin 3
a: Berserk, Trog's Hand, Brothers in Arms, Renounce Religion


You were on level 2 of the Orcish Mines.
You worshipped Trog.
Trog was exalted by your worship.
You were very full.

You visited 2 branches of the dungeon, and saw 13 of its levels.

You collected 1342 gold pieces.

Inventory:

Hand Weapons
 D - a +0 giant spiked club
 I - a +5 flail of draining
 X - a +1 fustibalus of freezing
Missiles
 j - 9 javelins of returning
 r - 54 bolts
 w - 66 poisoned needles
 A - 6 poisoned javelins
 G - 2 throwing nets
 H - 22 large rocks
 K - 21 tomahawks (quivered)
 P - 3 silver javelins
 S - 76 sling bullets
Armour
 l - +0 ice dragon scales (worn)
 x - a +0 cloak (worn)
Jewellery
 m - a +6 ring of dexterity (right claw)
 B - a ring of protection from fire (left claw)
 C - an uncursed ring of protection from magic
 O - an amulet of faith (around neck)
 R - a +6 amulet of reflection {unknown}
Wands
 c - a wand of iceblast (2)
 s - a wand of random effects (35)
 L - a wand of paralysis (7)
 M - a wand of enslavement (15)
 N - a wand of flame (43)
 Q - a wand of acid (9)
Scrolls
 a - 3 scrolls of enchant armour {unknown}
 d - 13 scrolls of enchant weapon
 e - 8 scrolls of remove curse
 f - 2 scrolls of fear
 h - a scroll of blinking
 p - 4 scrolls of magic mapping
 t - 3 scrolls of teleportation
 y - a scroll of random uselessness {unknown}
 J - a scroll of amnesia {unknown}
 T - a scroll of fog {unknown}
 U - a scroll of noise {unknown}
 Z - a scroll of immolation {unknown}
Potions
 i - 4 potions of curing
 k - a potion of resistance
 n - a potion of brilliance {unknown}
 o - 2 potions of ambrosia
 q - a potion of mutation {unknown}
 u - a potion of degeneration {unknown}
 v - 3 potions of lignification
 z - 2 potions of agility {unknown}
 F - 5 potions of might {unknown}
Comestibles
 b - 27 rations
 E - 5 chunks of flesh


   Skills:
 * Level 6.9 Fighting
 * Level 7.0 Throwing
 * Level 7.5 Dodging
 - Level 2.0 Stealth
 + Level 14.2 Unarmed Combat
 - Level 4.0 Evocations


You had 11 spell levels left.
You didn't know any spells.
Your spell library was empty.

Dungeon Overview and Level Annotations

Branches:
Dungeon (11/15)            Temple (0/1) D:5            Lair (0/6) D:10
    Orc (2/2) D:11
    Elf: Orc:2

Altars:
Cheibriados
Fedhas
Hepliaklqana
Sif Muna
Uskayaw
Vehumet
Xom
Zin

Shops:
Orc:1 (

Annotations:
Orc:2 Azrael


Innate Abilities, Weirdness & Mutations

You are too large for most types of armour.
You have claws for hands.
Your metabolism is lightning-fast.
You like to eat raw meat.
Your natural rate of healing is unusually fast.
You are covered in fur. (AC +1)
You have extremely tough skin. (AC +3)


Message History

Azrael is moderately wounded.
You are no longer berserk.
You are exhausted.
You feel yourself slow down.
The orc warrior hits you but does no damage.
You mangle Azrael!!
Azrael is heavily wounded.
Azrael gestures at you. The bolt of fire hits you! You resist.
* * * LOW HITPOINT WARNING * * *
The orc warrior hits you from afar with a +0 trident!
* * * LOW HITPOINT WARNING * * *
Blink to where?
Press: ? - help, Dir - move target cursor You are very lightly contaminated with residual magic.
As you read the scroll of blinking, it crumbles to dust.
You feel much better. Azrael gestures at you.
The sphere of damnation explodes!
The damnation engulfs you!!!
You die...

......°☼#........
.......○o........
.......○☼........
......R...o......
.#............... #
#...............
##.##...#.......$...
#......###..........
#.@# #.........
#.......# ##.##...#
# ##.## ###


You could see Azrael and an orc warrior.

Vanquished Creatures
  An orc warlord (Orc:1)
  Josephine (D:11)
  Erolcha (D:10)
  4 two-headed ogres
  An unseen horror (D:11)
  A manticore (D:11)
  3 cyclopes
  A centaur zombie (D:11)
  A gargoyle (D:10)
  5 trolls
  A meliai zombie (D:10)
  Grinder (D:6)
  A hippogriff (D:8)
  A wyvern (D:8)
  5 wraiths (D:11)
  2 fire elementals (Orc:2)
  A soldier ant (D:8)
  Menkaure (D:4)
  5 wargs
  Edmund (D:6)
  4 hell hounds
  4 sky beasts
  11 orc warriors
  3 phantoms
  3 black bears
  2 ice beasts
  An eye of draining (D:10)
  A necrophage (D:10)
  21 ogres
  9 centaurs
  A crocodile (D:11)
  A big kobold (D:7)
  8 bullfrogs
  A gnoll sergeant (D:10)
  11 killer bees (D:9)
  11 wights
  3 howler monkeys
  6 crimson imps
  A bullfrog zombie (D:5)
  A quasit (D:8)
  3 hounds
  6 jellies
  2 centaur skeletons
  11 orc priests
  5 bullfrog skeletons
  23 orc wizards
  4 iguanas
  8 worker ants
  A worker ant zombie (D:9)
  5 gnolls (D:10)
  A howler monkey skeleton (D:8)
  20 adders
  2 shadow imps (D:5)
  2 oozes
  An adder zombie (D:6)
  4 worms
  2 dart slugs
  11 leopard geckos
  75 orcs
  2 ball pythons (D:2)
  8 bats
  7 giant cockroaches
  5 goblins
  8 hobgoblins
  11 jackals
  9 kobolds
  3 quokkas
  11 frilled lizards
  A jackal skeleton (D:7)
  A leopard gecko skeleton (D:8)
  11 rats
404 creatures vanquished.

Vanquished Creatures (others)
  2 orcs
2 creatures vanquished.

Grand Total: 406 creatures vanquished

Notes
Turn   | Place    | Note
-------+----------+-------------------------------------------
     0 | D:1      | whitewolfNL the Troll Berserker began the quest for the
                  | Orb.
     0 | D:1      | Reached XP level 1. HP: 22/22 MP: 0/0
   408 | D:1      | Reached XP level 2. HP: 29/29 MP: 1/1
   862 | D:2      | Noticed a black bear
   870 | D:2      | Killed a black bear
   870 | D:2      | Reached skill level 1 in Throwing
   870 | D:2      | Reached XP level 3. HP: 30/36 MP: 2/2
   870 | D:2      | Reached XP level 4. HP: 36/44 MP: 3/3
  1164 | D:2      | Reached ** piety under Trog
  1213 | D:2      | Reached XP level 5. HP: 52/52 MP: 4/4
  1282 | D:2      | Reached skill level 4 in Unarmed Combat
  1764 | D:3      | Found a snail-covered altar of Cheibriados.
  1839 | D:3      | Reached skill level 1 in Stealth
  1922 | D:3      | Found a faded altar of an unknown god.
  2156 | D:3      | Found a hide-covered altar of Uskayaw.
  2167 | D:3      | Reached *** piety under Trog
  2197 | D:3      | Reached XP level 6. HP: 59/59 MP: 5/5
  2237 | D:3      | Reached skill level 5 in Unarmed Combat
  2531 | D:4      | Reached XP level 7. HP: 63/67 MP: 6/6
  2550 | D:4      | Reached skill level 6 in Unarmed Combat
  2705 | D:4      | Noticed Menkaure
  2713 | D:4      | Killed Menkaure
  2713 | D:4      | Received a gift from Trog
  2770 | D:4      | Found a blossoming altar of Fedhas.
  3115 | D:5      | Entered Level 5 of the Dungeon
  3273 | D:5      | Found a staircase to the Ecumenical Temple.
  3287 | D:5      | Reached skill level 7 in Unarmed Combat
  3287 | D:5      | Reached XP level 8. HP: 75/75 MP: 7/7
  3602 | D:5      | Reached skill level 1 in Evocations
  3604 | D:5      | Reached **** piety under Trog
  4215 | D:6      | Found a hazy altar of Hepliaklqana.
  4217 | D:6      | Found a shimmering altar of Xom.
  4218 | D:6      | Noticed a spectral ugly thing
  4264 | D:6      | Reached skill level 8 in Unarmed Combat
  4329 | D:6      | Noticed Grinder
  4337 | D:6      | Killed Grinder
  4426 | D:6      | Noticed Edmund
  4433 | D:6      | Killed Edmund
  4551 | D:6      | Reached XP level 9. HP: 83/84 MP: 9/9
  4785 | D:7      | Reached skill level 9 in Unarmed Combat
  4919 | D:7      | Reached ***** piety under Trog
  4997 | D:7      | Received a gift from Trog
  5205 | D:7      | Reached skill level 5 in Dodging
  5600 | D:8      | Found a radiant altar of Vehumet.
  5606 | D:8      | Reached skill level 10 in Unarmed Combat
  5620 | D:8      | Reached XP level 10. HP: 92/94 MP: 11/11
  6009 | D:8      | Received a gift from Trog
  6020 | D:8      | Noticed a cyclops
  6025 | D:8      | Noticed a cyclops
  6038 | D:8      | Killed a cyclops
  6043 | D:8      | Killed a cyclops
  6102 | D:8      | Reached skill level 5 in Fighting
  6124 | D:8      | Reached skill level 11 in Unarmed Combat
  6557 | D:9      | Found a deep blue altar of Sif Muna.
  6796 | D:9      | Found a glowing silver altar of Zin.
  7009 | D:9      | Reached skill level 5 in Throwing
  7149 | D:9      | Received a gift from Trog
  7551 | D:10     | Entered Level 10 of the Dungeon
  7695 | D:10     | Noticed a gargoyle
  7704 | D:10     | Killed a gargoyle
  7705 | D:10     | Reached XP level 11. HP: 104/104 MP: 12/12
  7713 | D:10     | Found a shimmering altar of Xom.
  7736 | D:10     | Noticed Erolcha
  7755 | D:10     | Killed Erolcha
  7755 | D:10     | Received a gift from Trog
  7887 | D:10     | Reached skill level 12 in Unarmed Combat
  7937 | D:10     | Found a staircase to the Lair.
  8328 | D:11     | Noticed a two-headed ogre
  8338 | D:11     | Killed a two-headed ogre
  8394 | D:11     | Noticed Josephine
  8531 | D:11     | Noticed a two-headed ogre
  8542 | D:11     | Killed a two-headed ogre
  8790 | D:11     | Received a gift from Trog
  8796 | D:11     | Killed Josephine
  8796 | D:11     | Reached skill level 13 in Unarmed Combat
  8863 | D:11     | Reached ****** piety under Trog
  9109 | D:11     | Killed an unseen horror
  9429 | D:11     | Reached XP level 12. HP: 115/115 MP: 14/14
  9510 | D:11     | Found a staircase to the Orcish Mines.
  9519 | Orc:1    | Entered Level 1 of the Orcish Mines
  9629 | Orc:1    | Found Oqom Ost's Weapon Shoppe.
  9677 | Orc:1    | Received a gift from Trog
  9869 | Orc:1    | Noticed an orc warlord
 10184 | Orc:1    | Killed an orc warlord
 10474 | Orc:2    | Entered Level 2 of the Orcish Mines
 10474 | Orc:2    | Noticed Azrael
 10475 | Orc:2    | Noticed a two-headed ogre
 10478 | Orc:2    | Noticed an ogre mage
 10482 | Orc:1    | Reached skill level 14 in Unarmed Combat
 10626 | Orc:2    | Noticed a two-headed ogre
 10781 | Orc:2    | Killed a two-headed ogre
 10786 | Orc:2    | Killed a two-headed ogre
 10795 | Orc:2    | Killed from afar by Azrael

Skill      XL: |  1  2  3  4  5  6  7  8  9 10 11 12 |
---------------+-------------------------------------+-----
Throwing       | 1 2 3 4 5 6 7 |  7.0
Dodging        | 3 4 5 6 7 |  7.5
Unarmed Combat | 4 5 7 8 10 11 13 14 | 14.2
Stealth        | 1 2 |  2.0
Fighting       | 3 4 5 6 |  6.9
Evocations     | 1 2 3 4 |  4.0

Action                   |  1- 3 |  4- 6 |  7- 9 | 10-12 || total
-------------------------+-------+-------+-------+-------++-------
Melee: Unarmed           |    60 |   187 |   286 |   491 ||  1024
       Punch             |     1 |       |    17 |    44 ||    62
Invok: Berserk           |       |     5 |     8 |    26 ||    39
Evoke: Wand              |       |       |       |     8 ||     8
  Use: Scroll            |       |     7 |     1 |    10 ||    18
       Potion            |       |       |       |     4 ||     4
 Stab: Sleeping          |     1 |       |       |       ||     1
  Eat: Chunk             |    11 |    21 |    35 |    71 ||   138
       Ration            |       |       |       |     1 ||     1
Armor: Animal skin       |    32 |       |       |       ||    32
       Ice dragon scales |     8 |   121 |   152 |   260 ||   541
Dodge: Dodged            |    29 |    88 |   126 |   338 ||   581
